 Dungeon Crawl Stone Soup version 0.31-a0-236-g9a0961fb85 (webtiles) character file.

Game seed: 1217926002246339474

182 qw the Shooter (level 5, 0/45 HPs)
             Began as a Minotaur Hexslinger on July 10, 2023.
             Slain by an orc priest
             ... wielding a +0 war axe
              (7 damage)
             ... on level 3 of the Dungeon.
             The game lasted 00:01:01 (1927 turns).

qw the Shooter (Minotaur Hexslinger)                Turns: 1927, Time: 00:01:01

Health: 0/45       AC:  5    Str: 12    XL:     5   Next: 34%
Magic:  5/5        EV: 11    Int: 10    God:
Gold:   118        SH:  0    Dex: 15    Spells: 5/6 levels left

rFire   . . .        Y - +2 sling
rCold   . . .        (no shield)
rNeg    . . .        h - +0 ring mail
rPois   .            (helmet restricted)
rElec   .            (no cloak)
rCorr   .            (no gloves)
SInv    .            (no boots)
Will    .....        (no amulet)
Stlth   +            (no ring)
HPRegen 0.27/turn    (no ring)
MPRegen 0.09/turn

%: no passive effects
@: no status effects
A: horns 2, retaliatory headbutt
a: no special abilities


You were on level 3 of the Dungeon.
You visited 1 branch of the dungeon, and saw 3 of its levels.

You collected 118 gold pieces.


Innate Abilities, Weirdness & Mutations

You have a pair of horns on your head.
You reflexively headbutt those who attack you in melee.


   Skills:
 - Level 3.0 Fighting
 + Level 5.3 Ranged Weapons
 - Level 1.5 Armour
 - Level 2.1 Dodging
 - Level 1.0 Spellcasting
 - Level 2.0 Hexes


You had 5 spell levels left.
You knew the following spells:

 Your Spells              Type           Power      Damage    Failure   Level
a - Slow                  Hex            16%        N/A       32%         1

Your spell library contained the following spells:

 Spells                   Type           Power      Damage    Failure   Level
 Inner Flame              Hex/Fire       2%         N/A       83%         3
 Portal Projectile        Hex/Tloc       4%         N/A       83%         3
 Cause Fear               Hex            2%         N/A       97%         4

Inventory:

Hand Weapons
 Y - a +2 sling (weapon)
Armour
 a - a scarf of shadows
 f - a +0 leather armour of willpower
 h - a +0 ring mail (worn)
Scrolls
 g - 2 scrolls of identify {unknown}
Potions
 b - a potion of lignification {unknown}
 c - 2 potions of enlightenment {unknown}
 d - a potion of invisibility {unknown}
 i - 2 potions of might {unknown}

Dungeon Overview and Level Annotations

Branches:
Dungeon (3/15)

Altars:


Message History

The orc closely misses you. You furiously retaliate!
You headbutt the orc.
You kill the orc!
The orc priest looks satisfied for a moment.
You shoot a sling bullet. The sling bullet hits the orc.
The orc is moderately wounded.
The orc completely misses you. You furiously retaliate!
You headbutt the orc.
You kill the orc!
You shoot a sling bullet. The sling bullet hits the orc priest.
The orc priest is lightly wounded.
The orc priest invokes the aid of Beogh against you.
Beogh smites you!
You hear a shout!
You shoot a sling bullet. The sling bullet hits the orc priest.
The orc priest is heavily wounded.
An orc priest comes into view. It is wielding a +0 flail.
The orc priest hits you with a +0 war axe.
You shoot a sling bullet.
The sling bullet hits the orc priest but does no damage.
The orc priest is heavily wounded.
The orc priest closely misses you.
You shoot a sling bullet.
The sling bullet barely misses the orc priest.
The orc priest closely misses you. The orc priest barely misses you.
You shoot a sling bullet. The sling bullet hits the orc priest.
The orc priest is heavily wounded.
The orc priest calls upon Beogh to heal the orc priest.
The orc priest is healed somewhat.
The orc priest hits you with a +0 war axe.
You shoot a sling bullet.
The sling bullet barely misses the orc priest.
The sling bullet closely misses the orc priest.
The orc priest hits you with a +0 war axe!
You shoot a sling bullet. The sling bullet hits the orc priest.
The orc priest is heavily wounded.
The orc priest hits you with a +0 war axe!
You shoot a sling bullet.
The sling bullet hits the orc priest but does no damage.
The orc priest is heavily wounded.
The orc priest hits you with a +0 war axe!
You die...

#.#.#
..............#
#.#. ....#.)...#.#
#.# #.#.........##
#.# #.....#......#
... ####.######.#
#.# #.# ## #.# ..
#.# #. #.# ####.#
#.# #. #.# #.@oo#
#.# #. #.# #.##.#
#.# #. #. #.#
##.## .. #.# #. #.
#.###...## .# #.#
#.
#.###.##.....##.#
#.# #.
#...............#
#.# #.
#..##.##.....####
#.# ##.
#.###...#.###...##
#.# #..
#....)....#
##..... #.# ##.


You could see 2 orc priests.

Vanquished Creatures
  An iguana (D:3)
  Robin (D:3)
  5 adders
  A worm (D:2)
  2 dart slugs
  2 orcs (D:3)
  6 endoplasms
  3 giant cockroaches
  11 goblins
  16 hobgoblins
  3 jackals (D:2)
  5 quokkas
  4 ball pythons
  8 bats
  4 frilled lizards
  6 kobolds
  7 rats
85 creatures vanquished.

Notes
Turn   | Place    | Note
-------+----------+-------------------------------------------
     0 | D:1      | qw the Minotaur Hexslinger began the quest for the Orb.
     0 | D:1      | Reached XP level 1. HP: 16/16 MP: 1/1
     0 | D:1      | 0 ||| qw: Version: 0.3-a-52-g30416fa
     0 | D:1      | 0 ||| qw: Game counter: 4619
     0 | D:1      | 0 ||| qw: Melee chars always use a shield: true
     0 | D:1      | 0 ||| qw: God list: Okawaru
     0 | D:1      | 0 ||| qw: Allow faded altars: false
     0 | D:1      | 0 ||| qw: Do Orc after clearing Dungeon:15 true
     0 | D:1      | 0 ||| qw: Do second Lair branch before Depths: true
     0 | D:1      | 0 ||| qw: Lair rune preference: random
     0 | D:1      | 0 ||| qw: Goals: Normal
     0 | D:1      | 0 ||| PLANNING D:1-11
    76 | D:1      | Reached skill level 3 in Ranged Weapons
    76 | D:1      | Reached XP level 2. HP: 23/23 MP: 2/2
   174 | D:1      | 174 ||| Stepping ~*~*~tactically~*~*~ (water).
   176 | D:1      | 176 ||| Stepping ~*~*~tactically~*~*~ (water).
   411 | D:1      | Reached XP level 3. HP: 29/29 MP: 3/3
   479 | D:1      | 479 ||| UPGRADING to +0 ring mail.
   489 | D:1      | 489 ||| DROPPING +0 robe.
   490 | D:1      | 490 ||| READING scroll labelled KEYNAPTUBIYL.
   491 | D:1      | 491 ||| READING scroll labelled KOUXKAMIMM.
   492 | D:1      | 492 ||| READING scroll labelled KYOWKY KYNGE.
   493 | D:1      | 493 ||| READING scroll labelled ONISSY SULUTH.
   497 | D:1      | 497 ||| DROPPING scroll of poison.
   596 | D:2      | 596 ||| FLEEEEING.
   597 | D:2      | 597 ||| FLEEEEING.
   598 | D:2      | 598 ||| FLEEEEING.
   599 | D:2      | 599 ||| FLEEEEING.
   600 | D:2      | 600 ||| FLEEEEING.
   601 | D:2      | 601 ||| FLEEEEING.
   602 | D:2      | 602 ||| FLEEEEING.
   603 | D:2      | 603 ||| FLEEEEING.
   604 | D:2      | 604 ||| FLEEEEING.
   605 | D:2      | 605 ||| FLEEEEING.
   606 | D:2      | 606 ||| FLEEEEING.
   607 | D:2      | 607 ||| FLEEEEING.
   608 | D:2      | 608 ||| FLEEEEING.
   609 | D:2      | 609 ||| FLEEEEING.
   610 | D:2      | 610 ||| FLEEEEING.
   611 | D:2      | 611 ||| FLEEEEING.
   612 | D:2      | 612 ||| FLEEEEING.
   613 | D:2      | 613 ||| FLEEEEING.
   614 | D:2      | 614 ||| FLEEEEING.
   615 | D:2      | 615 ||| FLEEEEING.
   616 | D:2      | 616 ||| FLEEEEING.
   617 | D:2      | 617 ||| FLEEEEING.
   619 | D:2      | Reached skill level 4 in Ranged Weapons
   779 | D:2      | Reached skill level 1 in Armour
   796 | D:2      | 796 ||| STAIRDANCE
   799 | D:1      | Reached XP level 4. HP: 25/36 MP: 4/4
   840 | D:1      | 840 ||| READING scroll labelled WOD TOAJA.
   841 | D:1      | 841 ||| READING scroll labelled ZISAUH UWKO.
   842 | D:1      | 842 ||| DRINKING 2 clear potions.
  1306 | D:2      | 1306 ||| DRINKING 2 golden potions.
  1307 | D:2      | 1307 ||| DROPPING potion of brilliance.
  1510 | D:3      | Reached skill level 5 in Ranged Weapons
  1664 | D:3      | Reached XP level 5. HP: 38/44 MP: 5/5
  1779 | D:3      | Reached skill level 3 in Fighting
  1803 | D:3      | Noticed Robin
  1818 | D:3      | HP: 11/45 [rat (3)]
  1819 | D:3      | 1819 ||| DRINKING potion of heal wounds.
  1824 | D:3      | Killed Robin
  1926 | D:3      | HP: 7/45 [orc priest/+0 war axe (8)]
  1927 | D:3      | Slain by an orc priest

Levels and vault maps discovered:
D:1:      spicycebolla_green_bress_n_ham_2, layout_rooms
D:2:      minmay_spotlight, layout_basic, minmay_surrounded
D:3:      layout_loops_ring, uniq_robin, uniq_crazy_yiuf_cottage

Skill      XL: |  1  2  3  4  5 |
---------------+----------------+-----
Ranged Weapons | 3 4 5 |  5.3
Fighting       | 2 3 |  3.0
Armour         | 1 |  1.5
Dodging        | |  2.1
Spellcasting   | |  1.0
Hexes          | |  2.0

Action                     |  1- 3 |  4- 6 || total
---------------------------+-------+-------++-------
   Fire: Sling             |   137 |    96 ||   233
    Use: Scroll            |     4 |     2 ||     6
         Potion            |       |     3 ||     3
 Armour: Robe              |     1 |       ||     1
         Ring mail         |    20 |    15 ||    35
  Dodge: Dodged            |    38 |    33 ||    71

Table legend:
 A = Non-vault XP
 B = Vault XP
 C = Vault XP percentage of total XP
 D = Non-vault monster count
 E = Vault monster count
 F = Vault count percentage of total count
                 A         B        C        D         E       F
            +---------+---------+-------+---------+---------+-------
      Total |     211 |      49 |  18.8 |      66 |      19 |  22.4
            +---------+---------+-------+---------+---------+-------
        D:1 |      62 |       0 |   0.0 |      30 |       0 |   0.0
        D:2 |      50 |      14 |  21.9 |      14 |       8 |  36.4
        D:3 |      99 |      35 |  26.1 |      22 |      11 |  33.3
            +---------+---------+-------+---------+---------+-------
